 Dungeon Crawl Stone Soup version 0.30-a0-149-g7f746667c4 (webtiles) character file.

Game seed: 4215703283601411444

2402 HypermagicGuardian the Cleaver (level 9, -2/81 HPs)
             Began as a Minotaur Fighter on Sept 26, 2022.
             Slain by Maggie
             ... wielding a +0 vorpal broad axe
              (8 damage)
             ... on level 6 of the Dungeon.
             The game lasted 00:15:12 (6042 turns).

HypermagicGuardian the Cleaver (Minotaur Fighter)   Turns: 6042, Time: 00:15:13

Health: -2/81      AC: 18    Str: 25    XL:     9   Next: 23%
Magic:  8/8        EV:  8    Int:  5    God:
Gold:   199        SH:  5    Dex: 10    Spells: 8/8 levels left

rFire   + . .      SeeInvis .    a - +2 war axe (chaos)
rCold   . . .      Faith    .    c - +0 buckler
rNeg    . . .      Spirit   .    t - +0 chain mail
rPois   .          Reflect  .    (helmet restricted)
rElec   .          Harm     .    G - +1 cloak
rCorr   .          Rampage  .    (no gloves)
Will    .....                    f - +0 pair of boots
Stlth   ..........               C - amulet of regeneration
HPRegen 1.03/turn                o - ring of protection from fire
MPRegen 0.11/turn                E - +4 ring of protection

@: no status effects
A: horns 2, retaliatory headbutt
a: no special abilities


You were on level 6 of the Dungeon.
You visited 1 branch of the dungeon, and saw 6 of its levels.
You also visited: Sewer.

You collected 363 gold pieces.
You spent 164 gold pieces at shops.

Inventory:

Hand Weapons
 a - a +2 war axe of chaos (weapon)
Missiles
 r - 11 poisoned darts (quivered)
 v - a throwing net
 x - 2 silver boomerangs
Armour
 c - a +0 buckler (worn)
 f - a +0 pair of boots (worn)
 t - a +0 chain mail (worn)
 G - a +1 cloak (worn)
Jewellery
 h - a +4 ring of slaying
 o - a ring of protection from fire (left hand)
 C - an amulet of regeneration (around neck)
 E - a +4 ring of protection (right hand)
Wands
 e - a wand of flame (30)
 A - a wand of iceblast (9)
Scrolls
 b - a scroll of amnesia
 m - 2 scrolls of blinking
 n - 3 scrolls of poison
 q - 5 scrolls of teleportation
 u - 2 scrolls of butterflies
 D - a scroll of identify
 F - 2 scrolls of silence
Potions
 d - a potion of might
 g - 2 potions of degeneration
 i - a potion of invisibility
 j - 4 potions of curing
 k - a potion of heal wounds
 p - a potion of haste
 w - 2 potions of cancellation
 z - a potion of mutation


   Skills:
 + Level 8.1 Fighting
 * Level 10.5 Axes
 + Level 8.1 Armour
 - Level 5.0 Shields


You had 8 spell levels left.
You didn't know any spells.
Your spell library contained the following spells:

 Spells                   Type           Power      Damage    Failure   Level
 Sublimation of Blood     Necr           0%         N/A       99%         2
 Wereblood                Tmut           0%         N/A       99%         2
 Gell's Gravitas          Tloc           0%         N/A       100%        3
 Lesser Beckoning         Tloc           0%         N/A       100%        3
 Teleport Other           Tloc           0%         N/A       100%        3
 Summon Hydra             Summ           0%         N/A       100%        7


Dungeon Overview and Level Annotations

Branches:
Dungeon (6/15)              Sewer (visited)
 Temple: D:4-7

Altars:
Cheibriados
Nemelex Xobeh
Sif Muna
The Shining One

Shops:
D:5 ?

Annotations:
D:6 Maggie


Innate Abilities, Weirdness & Mutations

You have a pair of horns on your head.
You reflexively headbutt those who attack you in melee.


Message History

You hit something but do no damage.
Maggie points at you and mumbles some strange words.
The bolt of fire misses you.
You slice Maggie!!
Maggie seems to grow stronger.
Maggie is moderately wounded.
You hit something. Maggie hits you but does no damage.
You slash Maggie!
Maggie is heavily wounded.
You barely miss something. You hit Maggie. Your headbutt misses Maggie.
Maggie is heavily wounded.
You hit something but do no damage.
Nothing appears to happen.
Maggie barely misses you. You furiously retaliate!
You headbutt Maggie! You hit Maggie.
Maggie is almost dead.
You hit something but do no damage.
Maggie hits you with a +0 vorpal broad axe.
* * * LOW HITPOINT WARNING * * *
x2 You barely miss Maggie.
Maggie is almost dead.
You closely miss the cyan ugly thing. You hit something.
Lightning courses through something!
The cyan ugly thing pecks you but does no damage.
Unknown command.
You closely miss Maggie.
Maggie is almost dead.
You hit something.
Nothing appears to happen.
You hit the cyan ugly thing but do no damage.
The cyan ugly thing seems to slow down.
Maggie hits you with a +0 vorpal broad axe!
* * * LOW HITPOINT WARNING * * *
x2 Blink to where?
Press: ? - help, Dir - move target, p - Maggie You cannot blink away from Maggie!
Blink to where?
Press: ? - help, Dir - move target
As you read the scroll of blinking, it crumbles to dust.
You break out of your daze.
Maggie hits you with a +0 vorpal broad axe!
You die...

#.....###...............##
#....## #..P.PPPPP.P....##
#
.....#####..P.......P.....#
. .#...
.....P.P...P.P...... . ##
##.. #.(..P.P._.P)P....##
.#.##..#..
....P.P...P.P.....# ....h
#(.P.......P.....# ...#
#(@{.PPPPP.P....). .<#
#@§u.......†...... .##
..#.#..#.............. .
....................... u
#..<##................. .
... #..##............. S .#
#..####....##...... . #..#
#....###...... #
##.#......# ......
........... .#....


You could see a cyan ugly thing (slow) and Maggie (strong, empowered, slow).

Vanquished Creatures
  Pikel (D:4)
  Grinder (D:2)
  Eustachio (D:4)
  A black bear (D:6)
  2 ogres (D:5)
  A lemure (D:4)
  A kobold brigand (D:6)
  2 bullfrogs (Sewer)
  3 scorpions
  2 necrophages
  5 killer bees (D:6)
  2 jellies
  A hound (D:6)
  Crazy Yiuf (D:5)
  Jessica (D:3)
  Ijyb (D:3)
  Natasha (thrice) (D:2)
  An iguana (D:5)
  3 orc wizards
  4 gnolls (D:4)
  10 adders
  A river rat (D:4)
  A white imp (D:5)
  An ufetubus (D:5)
  A worm (D:3)
  4 dart slugs
  18 orcs
  17 endoplasms
  12 giant cockroaches
  5 goblins
  6 hobgoblins
  3 jackals (D:5)
  8 kobolds
  10 quokkas
  8 ball pythons (Sewer)
  6 bats
  9 frilled lizards
  9 rats
166 creatures vanquished.

Notes
Turn   | Place    | Note
-------+----------+-------------------------------------------
     0 | D:1      | HypermagicGuardian the Minotaur Fighter began the quest for
                  | the Orb.
     0 | D:1      | Reached XP level 1. HP: 19/19 MP: 0/0
   141 | D:1      | Found a faded altar of an unknown god.
   246 | D:1      | Reached XP level 2. HP: 27/27 MP: 1/1
   577 | D:2      | Reached skill level 3 in Axes
   619 | D:2      | Noticed Natasha
   820 | D:2      | Killed Natasha
   821 | D:2      | Reached XP level 3. HP: 8/33 MP: 2/2
  1124 | D:2      | Noticed Natasha
  1135 | D:2      | Killed Natasha
  1136 | D:2      | Reached XP level 4. HP: 6/40 MP: 3/3
  1222 | D:2      | Reached skill level 4 in Axes
  2004 | D:2      | Noticed Natasha
  2010 | D:2      | Killed Natasha
  2011 | D:2      | Reached XP level 5. HP: 39/47 MP: 4/4
  2137 | D:3      | Noticed Grinder
  2146 | D:3      | Paralysed by Grinder for 4 turns
  2162 | D:2      | Killed Grinder
  2163 | D:2      | Reached skill level 5 in Fighting
  2163 | D:2      | Reached skill level 5 in Axes
  2163 | D:2      | Reached skill level 5 in Armour
  2163 | D:2      | Reached skill level 5 in Shields
  2163 | D:2      | Reached XP level 6. HP: 42/56 MP: 5/5
  2299 | D:3      | Noticed Jessica
  2309 | D:3      | Killed Jessica
  3026 | D:4      | Found a glowing drain.
  3040 | Sewer    | Entered a sewer
  3263 | Sewer    | Reached skill level 6 in Axes
  3383 | Sewer    | Reached XP level 7. HP: 50/61 MP: 6/6
  3503 | D:4      | Noticed Ijyb
  3503 | D:4      | Noticed Eustachio
  3509 | D:4      | Paralysed by Ijyb for 4 turns
  3524 | D:3      | Killed Ijyb
  3676 | D:4      | Reached skill level 7 in Axes
  3967 | D:4      | Noticed Pikel
  3981 | D:4      | Killed Pikel
  3982 | D:4      | Reached skill level 8 in Axes
  3982 | D:4      | Reached XP level 8. HP: 39/71 MP: 7/7
  4179 | D:4      | Killed Eustachio
  4398 | D:4      | Reached skill level 9 in Axes
  4656 | D:5      | Entered Level 5 of the Dungeon
  4971 | D:5      | Found Bogazag's Magic Scroll Boutique.
  4976 | D:5      | Found a sparkling altar of Nemelex Xobeh.
  4985 | D:5      | Bought a scroll of enchant weapon for 82 gold pieces
  4985 | D:5      | Bought a scroll of blinking for 82 gold pieces
  5105 | D:5      | Found a shimmering blue altar of Sif Muna.
  5151 | D:5      | Found a runed translucent door.
  5352 | D:5      | Noticed Crazy Yiuf
  5425 | D:5      | Found a snail-covered altar of Cheibriados.
  5670 | D:5      | Killed Crazy Yiuf
  5784 | D:6      | Noticed a cyan ugly thing
  5862 | D:6      | Reached XP level 9. HP: 80/80 MP: 8/8
  5863 | D:6      | Reached skill level 10 in Axes
  5868 | D:6      | Found a glowing golden altar of the Shining One.
  6021 | D:6      | Noticed Maggie
  6042 | D:6      | Slain by Maggie

Illustrated notes

Levels and vault maps discovered:
D:1:      lemuel_arrival_broad_hall, layout_rooms,
          hellmonk_ecumenical_altar_crossroads
D:2:      layout_loops_ring, minmay_pentomino_p2, uniq_natasha
D:3:      layout_rooms, uniq_grinder, uniq_jessica
D:4:      layout_basic, gup_sewer_entry_bubbles, uniq_pikel, uniq_ijyb,
          uniq_eustachio
D:5:      layout_cave_pools, mainiacjoe_overflow_alcove_4,
          cheibrodos_worm_habitat, kennysheep_orc_sif_temple, serial_shops,
          shop, uniq_crazy_yiuf_cottage
D:6:      layout_cave_pools, nicolae_overflow_crystal_walls,
          mainiacjoe_overflow_cross_hatched, uniq_maggie

Skill      XL: |  1  2  3  4  5  6  7  8  9 |
---------------+----------------------------+-----
Axes           | 3 4 5 6 8 9 10 | 10.5
Fighting       | 4 5 6 7 8 |  8.1
Armour         | 4 5 6 7 8 |  8.1
Shields        | 4 5 |  5.0

Action                   |  1- 3 |  4- 6 |  7- 9 || total
-------------------------+-------+-------+-------++-------
Melee: War axe           |    56 |   147 |   187 ||   390
       Headbutt          |     4 |    20 |    32 ||    56
Throw: Dart              |       |       |    14 ||    14
       Throwing net      |       |       |     1 ||     1
  Use: Scroll            |     5 |     8 |    10 ||    23
Armor: Scale mail        |    32 |    50 |     6 ||    88
       Chain mail        |       |       |    98 ||    98
Dodge: Dodged            |    32 |    68 |    55 ||   155
Block: Buckler           |    17 |    20 |    39 ||    76

Table legend: (Time is in decaauts)
 A = Elapsed time spent in this place.
 B = Non-inter-level travel time spent in this place.
 C = Inter-level travel time spent in this place.
 D = Time resting spent in this place.
 E = Time spent auto-exploring this place.
 F = Levels seen in this place.
 G = Mean time per level.
                   A        B        C        D        E       F      G
               +--------+--------+--------+--------+--------+-----+--------+
         Total |   6233 |   5980 |    253 |   1307 |   3270 |   7 |  890.4 |
       Dungeon |   5742 |   5489 |    253 |   1238 |   3079 |   6 |  957.0 |
         Sewer |    491 |    491 |      0 |     69 |    191 |   1 |  491.0 |
               +--------+--------+--------+--------+--------+-----+--------+

Top non-repeatable levels by time:
     D:4: 1318 daAuts
     D:2: 1184 daAuts
     D:5: 1176 daAuts
     D:1: 956 daAuts
     D:3: 880 daAuts
   Sewer: 491 daAuts
     D:6: 226 daAuts
